 Dungeon Crawl Stone Soup version 0.22.0-27-ga576289 (webtiles) character file.

238 Faca the Cutter (level 6, 0/44 HPs)
             Began as a Halfling Abyssal Knight on Aug 21, 2018.
             Was a Priest of Lugonu.
             Splashed by a jelly's acid (6 damage)
             ... on level 3 of the Dungeon.
             The game lasted 00:06:52 (3640 turns).

Faca the Cutter (Halfling Abyssal Knight)           Turns: 3640, Time: 00:06:54

Health: 0/44       AC: -1    Str: 13    XL:     6   Next: 28%
Magic:  7/7        EV: 13    Int: 10    God:    Lugonu [***...]
Gold:   125        SH:  0    Dex: 16    Spells: 5/5 levels left

rFire    . . .     SeeInvis .   l - +1 short sword (flame)
rCold    . . .     Gourm    .   (shield restricted)
rNeg     + . .     Faith    .   m - +0 ring mail
rPois    .         Spirit   .   (no helmet)
rElec    .         Reflect  .   d - +0 cloak
rCorr    .         Harm     .   (no gloves)
MR       .....                  (no boots)
Stlth    +.........             (no amulet)
HPRegen  0.14/turn              a - ring of positive energy
MPRegen  0.10/turn              (no ring)

@: corroded
A: small, mutation resistance 1
a: Depart the Abyss, Bend Space, Banish, Renounce Religion


You were on level 3 of the Dungeon.
You worshipped Lugonu.
Lugonu was most pleased with you.
You were not hungry.

You visited 1 branch of the dungeon, and saw 3 of its levels.
You visited the Abyss 1 time.

You collected 125 gold pieces.

Inventory:

Hand Weapons
 l - a +1 short sword of flaming (weapon)
Armour
 d - a +0 cloak (worn)
 m - a +0 ring mail (worn)
Jewellery
 a - a ring of positive energy (left hand)
Scrolls
 f - 2 scrolls of fear {unknown}
 g - 3 scrolls of remove curse {unknown}
 h - 2 scrolls of identify {unknown}
 i - a scroll of fog {unknown}
 j - 2 scrolls of blinking {unknown}
 k - 2 scrolls of teleportation {unknown}
 o - a scroll of noise {unknown}
Potions
 b - a potion of magic {unknown}
 e - 6 potions of curing {unknown}
 n - a potion of agility {unknown}
 p - a potion of degeneration {unknown}
Comestibles
 c - 3 rations


   Skills:
 + Level 4.6 Fighting
 + Level 5.4 Short Blades
 - Level 2.1 Armour
 - Level 1.1 Dodging
 - Level 2.0 Invocations


You had 5 spell levels left.
You didn't know any spells.
Your spell library was empty.

Dungeon Overview and Level Annotations

Branches:
Dungeon (3/15)

Altars:


Innate Abilities, Weirdness & Mutations

You are small and have problems with some larger weapons.
You are somewhat resistant to further mutation.


Message History

The jelly hits you.
You are splashed with acid!
The acid burns!
You hit the jelly. You burn the jelly. The acid corrodes you!
Your hands burn!
The jelly is heavily wounded.
You hit the jelly but do no damage.
Your hands burn!
The jelly is heavily wounded.
The jelly completely misses you.
You hit the jelly but do no damage.
Your hands burn!
The jelly is heavily wounded.
The jelly hits you.
You are splashed with acid!
The acid burns!
You hit the jelly. You burn the jelly.
Your hands burn!
* * * LOW HITPOINT WARNING * * *
The jelly is severely wounded.
The jelly completely misses you.
You hit the jelly but do no damage. The acid corrodes you!
Your hands burn!
* * * LOW HITPOINT WARNING * * *
The jelly is severely wounded.
The jelly hits you.
* * * LOW HITPOINT WARNING * * *
You are splashed with acid!
The acid burns!
You die...

#.# ##...### ############
#P.P.#.## #...........
#....##.######.#####.....
#.P.P#.................#
#P.P...##.####...<.####
##.P..........#@#.#######
###††##.####..J....)...#
####.#.#.#####.#.#<#####.#
#.....÷............#
#>#######.
.......#########.####
#.........
......###...........#
#.######.. ......#
#.#.####.#..####.# #...#.#
#.#.###......##..#
##[##.###.#.##).......#..#


You could see a jelly.

Vanquished Creatures
  3 orc priests (D:3)
  A worker ant (D:3)
  An adder (D:3)
  6 oozes
  A worm (D:3)
  2 dart slugs
  3 leopard geckos
  8 orcs (D:3)
  2 giant cockroaches
  A goblin (D:1)
  8 hobgoblins
  3 jackals (D:1)
  16 kobolds
  A quokka (D:2)
  A ball python (D:2)
  9 bats
  9 frilled lizards
  7 rats
82 creatures vanquished.

Vanquished Creatures (others)
  4 fungi (D:3)
  8 toadstools (D:3)
12 creatures vanquished.

Grand Total: 94 creatures vanquished

Notes
Turn   | Place    | Note
-------+----------+-------------------------------------------
     0 | Abyss:1  | Faca the Halfling Abyssal Knight began the quest for the Orb.
     0 | Abyss:1  | Reached XP level 1. HP: 15/15 MP: 2/2
    18 | D:1      | Escaped the Abyss
    92 | D:1      | Reached XP level 2. HP: 14/20 MP: 3/3
    96 | D:1      | Reached skill level 3 in Short Blades
   466 | D:1      | Reached XP level 3. HP: 24/26 MP: 4/4
   512 | D:1      | Reached ** piety under Lugonu
  1937 | D:2      | Reached XP level 4. HP: 31/31 MP: 5/5
  2044 | D:3      | Reached skill level 4 in Short Blades
  2278 | D:3      | Reached XP level 5. HP: 4/37 MP: 6/6
  2710 | D:3      | Reached *** piety under Lugonu
  3083 | D:3      | Reached skill level 5 in Short Blades
  3106 | D:3      | Reached XP level 6. HP: 28/44 MP: 7/7
  3289 | D:3      | HP: 1/44 [acid (7)]
  3640 | D:3      | Splashed by a jelly's acid

Skill      XL: |  1  2  3  4  5 |
---------------+----------------+-----
Fighting       | 3 4 |  4.6
Short Blades   | 3 4 5 |  5.4
Armour         | |  2.1
Dodging        | |  1.1
Invocations    | |  2.0

Action                   |  1- 3 |  4- 6 || total
-------------------------+-------+-------++-------
Melee: Short sword       |   146 |   195 ||   341
Invok: Bend Space        |       |     1 ||     1
  Eat: Chunk             |     1 |     3 ||     4
       Ration            |     1 |     1 ||     2
Armor: Leather armour    |    43 |       ||    43
       Ring mail         |     2 |    44 ||    46
Dodge: Dodged            |   118 |    88 ||   206
